 Dungeon Crawl Stone Soup version bcrawl-1.35.5c (webtiles) character file.

Game seed: 15480991516440316462

10938106 zoran the Messiah (level 27, 228/251 HPs)
             Began as a Hill Orc Warper on Mar 16, 2022.
             Was the Champion of Beogh.
             Escaped with the Orb
             ... and 3 runes on Mar 18, 2022!
             The game lasted 05:55:02 (89919 turns).

zoran the Messiah (Hill Orc Warper)                Turns: 89919, Time: 05:55:02

Health: 228/251    AC: 48    Str: 28    XL:     27
Magic:  40/40      EV: 11    Int: 22    God:    Beogh [******]
Gold:   2006       SH: 22    Dex: 12    Spells: 27/40 levels left

rFire    + + .     SeeInvis +   a - +8 demon trident (pierce)
rCold    + + +     Gourm    .   V - +6 medium shield {AC+3}
rNeg     . . .     Faith    +   B - +14 plate armour "Eseff" {rPois MR++ Str+4}
rPois    +         Spirit   .   r - +2 hat
rElec    +         Reflect  .   t - +2 cloak {MR+}
rCorr    +                      K - +1 pair of gauntlets of War {Slay+6}
MR       +++++                  Y - +2 pair of boots {Stlth++}
Stlth    ..........             I - amulet "Memox" {Faith +Blink rC+}
HPRegen  0.51/turn              M - ring "Kogutt" {rElec rF+ rC+ Int+6 Stlth-}
MPRegen  0.27/turn              w - ring of resist corrosion

@: hasted, studying Conjurations, very quick
A: walk on water, rugged brown scales 1, thin metallic scales 1, yellow scales
1, see invisible, agile 1, cold resistance 1, deformed body, fire resistance 1
0: Orb of Zot
}: 3/15 runes: decaying, slimy, gossamer
a: Smiting, Recall Orcish Followers, Give Item to Named Follower, Resurrection,
Renounce Religion, Evoke Blink


You escaped.
You worshipped Beogh.
Beogh was exalted by your worship.
You were very full.

You visited 12 branches of the dungeon, and saw 48 of its levels.
You also visited: Gauntlet and Ice Cave.

You collected 8134 gold pieces.
You spent 6128 gold pieces at shops.

Inventory:

Hand Weapons
 a - a +8 demon trident of piercing (weapon)
 o - a +9 demon trident of flaming
 q - a +0 blowgun
Missiles
 c - 244 poisoned tomahawks
 f - 12 throwing nets {=f}
 g - 91 javelins
 v - 46 steel javelins (quivered)
 R - 137 curare-tipped needles
Armour
 r - a +2 hat (worn)
 t - a +2 cloak of magic resistance (worn)
 B - the +14 plate armour "Eseff" (worn) {rPois MR++ Str+4}
   (You bought it in a shop on level 1 of the Vaults)

   It affects your strength (+4).
   It protects you from poison.
   It affects your resistance to hostile enchantments.
 K - the +1 pair of gauntlets of War (worn) {Slay+6}
   (You found it on level 5 of the Pits of Slime)

   It affects your accuracy and damage with ranged weapons and melee attacks
   (+6).
 V - a +6 medium shield of protection (worn)
 Y - a +2 pair of boots of stealth (worn)
Jewellery
 s - an uncursed ring of see invisible
 w - a ring of resist corrosion (right hand)
 C - a ring "Souwk" {rElec rPois rC+}
   (You found it on level 5 of the Pits of Slime)

   [ring of insulation]

   It protects you from cold.
   It insulates you from electricity.
   It protects you from poison.
 I - the amulet "Memox" (around neck) {Faith +Blink rC+}
   (You took it off a frost giant on level 3 of the Depths)

   [amulet of faith]

   It allows you to gain divine favour quickly.
   It protects you from cold.
   It lets you blink.
 M - the ring "Kogutt" (left hand) {rElec rF+ rC+ Int+6 Stlth-}
   (You bought it in a shop on level 8 of the Dungeon)

   [ring of protection from cold]

   It affects your intelligence (+6).
   It protects you from fire.
   It protects you from cold.
   It insulates you from electricity.
   It makes you less stealthy.
Wands
 j - a wand of iceblast (16)
 G - a wand of digging (23)
 J - a wand of enslavement (17)
 L - a wand of disintegration (11)
 Q - a wand of paralysis (38)
 Z - a wand of polymorph (9)
Scrolls
 d - 2 scrolls of blinking
 h - 3 scrolls of silence
 k - a scroll of immolation
 u - 8 scrolls of teleportation
 x - 2 scrolls of magic mapping
 y - 5 scrolls of fog
 D - 7 scrolls of vulnerability
 S - 6 scrolls of fear
 X - 4 scrolls of summoning
Potions
 l - 2 potions of invisibility
 m - 5 potions of agility
 n - 7 potions of heal wounds
 p - a potion of haste
 E - 10 potions of curing
 H - 3 potions of mutation
 N - 2 potions of lignification
 O - a potion of ambrosia
 P - 3 potions of magic
Miscellaneous
 i - 2 phantom mirrors
 z - a sack of spiders
 A - a lightning rod (4/4)
 U - a lamp of fire
 W - a phial of floods
Comestibles
 e - 13 rations {!d}


   Skills:
 + Level 19.2 Fighting
   Level 19.2 Short Blades
   Level 19.2 Long Blades
   Level 19.2 Axes
   Level 19.2 Maces & Flails
   Level 19.2 Polearms
   Level 19.2 Staves
 - Level 16.0 Throwing
 - Level 20.0 Armour
 - Level 10.0 Dodging
 - Level 5.0 Stealth
 - Level 20.0 Shields
   Level 19.2 Unarmed Combat
 - Level 7.0 Spellcasting
 - Level 10.0 Conjurations
 - Level 10.0 Translocations
 - Level 2.0 Air Magic
 - Level 3.0 Poison Magic
 O Level 27 Invocations
 - Level 15.0 Evocations


You had 27 spell levels left.
You knew the following spells:

 Your Spells              Type           Power        Failure   Level  Hunger
b - Apportation           Tloc           ######       1%          1    None
c - Blink                 Tloc           N/A          2%          2    None
l - Blink Other           Tloc           ######       1%          1    None
q - Mephitic Cloud        Conj/Pois/Air  ####....     38%         3    None
u - Beckoning             Tloc           ######....   5%          3    None
z - Portal Projectile     Tloc           ######       5%          3    None

Your spell library contained the following spells:

 Spells                   Type           Power        Failure   Level  Hunger
 Magic Dart               Conj           ####         1%          1    None
 Searing Ray              Conj           ######..     2%          2    None
 Iskenderun's Mystic Bla  Conj           ######..     5%          3    None
 Teleport Other           Tloc           ######..     5%          3    None
 Sting                    Conj/Pois      ####         8%          1    None
 Flame Tongue             Conj/Fire      ####.        14%         1    None
 Force Lance              Tloc           ######..     19%         4    ####...
 Conjure Flame            Conj/Fire      ####....     38%         3    None
 Dazzling Orbs            Conj/Hex       ####...      38%         3    None
 Stone Arrow              Conj/Erth      ####..       38%         3    None
 Poisonous Vapours        Pois/Air       ###...       52%         2    None
 Beastly Appendage        Tmut           #.....       73%         1    None
 Infusion                 Chrm           #.......     73%         1    None
 Sandblast                Erth           #.....       73%         1    None
 Slow                     Hex            #.......     73%         1    None
 Summon Butterflies       Summ           #.......     73%         1    None
 Summon Small Mammal      Summ           #...         73%         1    None
 Swiftness                Chrm/Air       ##......     73%         2    None
 Fulminant Prism          Conj/Hex       ####......   80%         4    ####...
 Sticky Flame             Conj/Fire      ####....     80%         4    ####...
 Call Imp                 Summ           #.....       86%         2    None
 Flaming Arrows           Chrm/Fire      #.......     86%         2    None
 Passwall                 Tmut/Erth      #.......     86%         2    None
 Song of Slaying          Chrm           #.......     86%         2    None
 Sticks to Snakes         Tmut           #.......     86%         2    None
 Spider Form              Tmut/Pois      ##.          87%         3    None
 Ignite Poison            Fire/Tmut/Pois ##......     91%         3    None
 Venom Bolt               Conj/Pois      #####.....   91%         5    #####..
 Dispersal                Tloc           ######....   95%         6    ######.
 Call Canine Familiar     Summ           #.......     97%         3    None
 Confuse                  Hex            #.......     97%         3    None
 Inner Flame              Hex/Fire       N/A          97%         3    None
 Ozocubu's Armour         Chrm/Ice       #.......     97%         3    None
 Regeneration             Chrm/Necr      #.........   97%         3    None
 Spectral Weapon          Hex/Chrm       #.......     97%         3    None
 Olgreb's Toxic Radiance  Pois           ###......    97%         4    ####...
 Bolt of Draining         Conj/Necr      ####......   98%         5    #####..
 Fireball                 Conj/Fire      ####......   98%         5    #####..
 Irradiate                Conj/Tmut      ####......   98%         5    #####..
 Summon Scorpions         Summ/Pois      ##......     99%         4    ####...
 Ice Form                 Ice/Tmut       #.......     100%        4    ####...
 Petrify                  Tmut/Erth      #.........   100%        4    ####...
 Summon Ice Beast         Ice/Summ       #.......     100%        4    ####...
 Tree Form                Hex/Tmut       N/A          100%        4    ####...
 Yara's Violent Unravell  Hex/Tmut       #.........   100%        4    ####...
 Blade Hands              Tmut           #.........   100%        5    #####..
 Lee's Rapid Deconstruct  Erth           #.........   100%        5    #####..
 Metabolic Englaciation   Hex/Ice        #.........   100%        5    #####..
 Summon Lightning Spire   Summ/Air       ##......     100%        5    #####..
 Aura of Abjuration       Summ           #.........   100%        6    ######.
 Darkness                 Hex            #.........   100%        6    ######.
 Freezing Cloud           Ice/Air        ##........   100%        6    ######.
 Invisibility             Hex            #.......     100%        6    ######.
 Iron Shot                Conj/Erth      ####......   100%        6    ######.
 Poison Arrow             Conj/Pois      #####.....   100%        6    ######.
 Statue Form              Tmut/Erth      #........    100%        6    ######.
 Steam Barrier            Chrm/Fire      #.........   100%        6    ######.
 Controlled Blink         Tloc           ######..     100%        7    #######
 Dragon Form              Tmut           #......      100%        7    #######
 Mana Rupture             Conj/Hex       ####......   100%        7    #######
 Orb of Destruction       Conj           ######....   100%        7    #######
 Spellforged Servitor     Conj/Summ      ####......   100%        7    #######
 Necromutation            Tmut/Necr      #.......     100%        8    #######
 Passage of Golubria      Tloc           Unusable     N/A         5    N/A

Dungeon Overview and Level Annotations

Branches:
Dungeon (12/12)            Temple (1/1) D:7            Lair (6/6) D:9
  Swamp (3/3) Lair:3       Spider (3/3) Lair:4        Slime (5/5) Lair:6
    Orc (1/1) D:11            Elf (3/3) Orc          Vaults (2/3) D:11
  Crypt (2/2) Vaults:1       Tomb (0/3) Crypt:2      Depths (5/5) D:12
    Zot (5/5) Depths:5

Altars:
Ashenzari
Cheibriados
Dithmenos
Elyvilon
Fedhas
Gozag
Hepliaklqana
Kikubaaqudgha
Makhleb
Nemelex Xobeh
Okawaru
Ru
Sif Muna
Wu Jian
Xom
Yredelemnul
Zin
Beogh
Jiyva

Shops:
D:4 [   D:7 ?   D:8 =   D:12 *:}   Orc [(?   Elf:1 !   Elf:2 =}=(
Vaults:1 =?[   Vaults:2 [

Portals:
Hell: Depths:1 Depths:2 Depths:3 Depths:4 Depths:5
Abyss: Depths:2 Depths:3 Depths:4 Depths:5
Pandemonium: Depths:2 Depths:3
Ziggurat: Depths:1

Annotations:
D:5 1 runed translucent door, yrara's ghost, novice DsFi
Depths:2 6 runed doors
Depths:3 2 transporters, Baz's ghost, adept EnGl
Depths:4 12 runed doors
Depths:5 exclusion: door


Innate Abilities, Weirdness & Mutations

You can walk on water.
You are partially covered in rugged brown scales. (AC +1, +3% HP)
You are partially covered in thin metallic scales. (AC +2)
You are partially covered in yellow scales. (AC +2)
You have supernaturally acute eyesight. (SInv)
You are agile. (Dex +2)
Your flesh is cold resistant. (rC+)
Armour fits poorly on your strangely shaped body.
Your flesh is heat resistant. (rF+)


Message History

The hellion is heavily wounded.
The hellion gestures at you.
The sphere of hellfire explodes!
The damnation engulfs you!! The damnation engulfs your orc knight!!
The damnation engulfs the hellion.
The hellion completely resists.
You puncture the hellion!
Snnnck.
The hellion is almost dead.
Your orc knight hits the hellion from afar with a +0 glaive.
You strike the helpless hellion from behind!
You hit the hellion.
You kill the hellion!
Beogh accepts your kill.
Evoke which item? (* to show all) (? for menu, Esc to quit)
Aiming: Dig
Press: ? - help, Shift-Dir - straight line This square is covered in magical glow.
The rock shatters into small pieces.
There is a staircase leading out of the dungeon here.
The power of the Orb breaks the dimensional shunt like a soap bubble!
You have escaped!

## #.# #.# #.# #.#
### #.##
#.########.####
#.#..#....@o..#
#.#..###o###o.#
#.#..'....o'..#
######.####..#.o####
#......#....###o...#
#.####.#.....#ooo..#
#.# ##.#.#.⌠.#.⌠.#.#
##.###..#.#..o.o..#.#
.#.#....#.###...###.#


You could see a friendly orc knight, the friendly Bogdar the orc knight and a
friendly orc sorcerer.

Vanquished Creatures
  the Royal Jelly (Slime:5)
  2 juggernauts
  5 orbs of fire
  4 ancient liches (Zot:5)
  8 golden dragons
  6 Killer Klowns
  A caustic shrike (Depths:3)
  2 curse toes (Zot:4)
  Nikola (Swamp:2)
  2 rockslimes
  2 bone dragons (Crypt:2)
  3 Orb Demons
  A hellephant (Zot:2)
  6 electric golems
  An iron giant (Depths:3)
  7 tentacled monstrosities
  5 liches
  25 Orb Guardians
  A deep elf blademaster (Elf:2)
  A deep elf master archer (Elf:3)
  6 quicksilver dragons
  28 acid blobs
  The ghost of Corvi the Brawler, an adept TrMA of Wu Jian (Spider:1)
  An Executioner (Depths:4)
  8 death cobs
  10 ancient champions
  2 sphinxes
  12 storm dragons
  4 draconian monks
  5 shadow dragons
  3 tengu reavers
  12 azure jellies
  11 fire giants
  9 deep elf sorcerers
  10 frost giants
  A vault warden (Vaults:1)
  A draconian knight (Depths:5)
  A juggernaut zombie (Crypt:1)
  6 draconian stormcallers
  11 ghost moths
  4 deep elf elementalists (Elf:3)
  An eye of devastation (shapeshifter) (Depths:3)
  4 ironheart preservers
  A war gargoyle (Vaults:1)
  4 draconian scorchers
  14 stone giants
  3 draconian annihilators
  3 vampire knights
  4 eyes of devastation
  14 very ugly things
  7 green draconians
  10 deep elf annihilators
  A deep elf demonologist (Vaults:1)
  7 black draconians
  A spark wasp (shapeshifter) (Depths:3)
  3 yellow draconians
  5 white draconians
  4 dire elephants
  3 red draconians
  4 spark wasps
  5 purple draconians
  An entropy weaver (Spider:2)
  3 eidola
  10 ettins
  2 merfolk impalers
  11 fire dragons
  8 deep elf death magi
  8 jiangshi
  Urug (Lair:2)
  3 deep elf high priests (Elf:3)
  11 ice dragons
  A quicksilver dragon skeleton (Crypt:2)
  6 yaktaur captains
  2 monstrous demonspawn
  5 rakshasas
  2 shambling mangroves
  Psyche (D:11)
  16 hydras
  Harold (D:9)
  2 spriggan air magi
  A shadow wraith (Vaults:1)
  4 catoblepae
  3 death knights
  10 great orbs of eyes
  7 centaur warriors
  A ghost crab (Swamp:2)
  5 two-headed ogres
  9 alligators
  4 deep troll shamans
  27 dancing weapons
  An ogre mage (Depths:2)
  3 tengu warriors
  12 death oozes (Slime:5)
  6 deep troll earth magi
  12 death yaks
  An ironheart beastmaster (Vaults:1)
  3 soul eaters
  An orc high priest (Orc)
  4 spriggan berserkers
  10 vampire magi
  10 deep trolls
  A sun demon (Depths:3)
  18 deep elf knights
  A fire crab (shapeshifter) (Vaults:2)
  A storm dragon skeleton (Crypt:2)
  13 hell knights
  40 skeletal warriors
  7 swamp dragons
  3 spriggan druids
  A death drake (shapeshifter) (Vaults:2)
  2 death drakes
  6 phantasmal warriors
  3 flayed ghosts
  10 deep elf archers
  Pikel (D:4)
  6 wizards
  3 glowing orange brains
  2 ironheart convokers (Vaults:1)
  2 cyclopes
  4 golden dragon skeletons
  A harpy (D:10)
  3 necromancers
  11 orb spiders
  2 anaconda skeletons (Crypt:2)
  A sphinx zombie (Crypt:1)
  A harpy (shapeshifter) (Depths:2)
  3 orc sorcerers
  23 wolf spiders
  4 shining eyes
  49 deep elf magi
  A sphinx skeleton (Crypt:2)
  A fire giant zombie (Depths:3)
  5 manticores
  A manticore (shapeshifter) (Depths:3)
  A faun (shapeshifter) (Elf:3)
  3 stone giant skeletons (Crypt:2)
  A salamander (shapeshifter) (D:12)
  22 ugly things
  22 moths of wrath
  An iron dragon skeleton (Crypt:2)
  4 elephants
  2 frost giant skeletons (Crypt:2)
  5 ice statues (IceCv)
  12 will-o'-wisps
  An elephant (shapeshifter) (Depths:3)
  2 black mambas
  2 smoke demons
  3 vault sentinels
  A centaur skeleton (D:11)
  5 cane toads
  A gargoyle (D:10)
  2 hellions
  7 komodo dragons
  3 demonic crawlers
  A rime drake (Lair:6)
  A pale draconian zombie (Crypt:1)
  A tengu conjurer (Depths:1)
  2 tormentors
  An efreet (D:12)
  A komodo dragon (shapeshifter) (Depths:3)
  10 yaktaurs
  13 flying skulls (Crypt:2)
  An eye of draining (D:10)
  An ice devil (Depths:2)
  2 iron troll zombies (Crypt:1)
  An anaconda simulacrum (IceCv)
  5 freezing wraiths
  3 trolls
  A catoblepas skeleton (Crypt:2)
  A death drake zombie (Crypt:1)
  5 tyrant leeches
  A queen bee (shapeshifter) (Elf:3)
  A hornet (shapeshifter) (Vaults:2)
  15 hornets
  2 hydra skeletons (Crypt:2)
  A harpy skeleton (Crypt:2)
  13 jumping spiders
  139 slime creatures
  9 blink frogs (Lair:2)
  11 bog bodies
  A slime creature (shapeshifter) (D:10)
  5 hippogriffs
  43 redbacks
  2 shadows
  12 water elementals
  An ettin skeleton (Crypt:2)
  An ice dragon skeleton (Crypt:1)
  2 air elementals (Elf:1)
  10 spriggans
  A ynoxinul (Depths:3)
  17 tarantellas
  6 wraiths
  36 yaks
  2 fire elementals
  6 humans (Zot:3)
  3 basilisks
  2 wyverns
  13 golden eyes (Slime:1)
  3 hogs (D:8)
  Menkaure (D:6)
  A chaos spawn (Depths:2)
  A human (shapeshifter) (Vaults:2)
  A hungry ghost (D:4)
  3 acid dragons
  2 deep troll zombies (Crypt:1)
  4 harpy simulacra (IceCv)
  13 swamp worms
  8 crocodiles
  5 hell hounds
  Duvessa (D:4)
  2 porcupines
  A cane toad zombie (Crypt:2)
  3 water moccasins
  2 hydra simulacra (IceCv)
  A water nymph skeleton (Crypt:1)
  4 floating eyes
  A swamp drake (shapeshifter) (Depths:3)
  11 swamp drakes
  7 ice beasts
  A black bear (shapeshifter) (D:10)
  2 necrophages
  8 orc warriors
  A phantom (D:9)
  A boggart (Vaults:1)
  9 ogres
  A manticore skeleton (Crypt:2)
  3 centaurs
  2 snapping turtle skeletons (Crypt:2)
  8 wolves
  A big kobold (D:7)
  A bullfrog (shapeshifter) (D:10)
  12 bullfrogs
  2 gnoll sergeants
  2 earth elementals
  A water moccasin zombie (D:8)
  4 jellies
  The ghost of Quickbrownfox the Sneak, a weakling EnAc (D:3)
  5 killer bees (D:7)
  3 scorpions
  A water moccasin skeleton (D:3)
  2 wights (Crypt:2)
  5 electric eels (D:9)
  A troll skeleton (Crypt:2)
  2 howler monkeys (D:4)
  8 orc priests
  5 crimson imps
  2 centaur zombies
  Crazy Yiuf (D:2)
  A quasit (D:6)
  A bullfrog zombie (D:8)
  7 hounds
  4 human zombies (Crypt:2)
  9 orc wizards
  A bullfrog skeleton (D:3)
  2 human skeletons (Crypt:2)
  Ijyb (D:5)
  3 iguanas
  7 worker ants
  2 hound zombies
  A hound skeleton (D:9)
  2 mummies (Crypt:2)
  A worker ant zombie (D:6)
  9 gnolls
  9 adders
  3 shadow imps
  A steam dragon skeleton (Crypt:2)
  2 worker ant simulacra (D:3)
  2 adder zombies
  An oni zombie (Crypt:2)
  3 adder skeletons
  4 worms (D:2)
  A dart slug (D:2)
  An adder simulacrum (D:3)
  4 leopard geckos
  19 orcs
  14 giant cockroaches
  17 goblins
  8 hobgoblins
  4 jackals (D:2)
  6 quokkas
  2 ball pythons (D:1)
  A ball python zombie (D:3)
  11 bats
  3 frilled lizards
  A giant cockroach zombie (Crypt:1)
  A jackal skeleton (D:3)
  11 kobolds
  A leopard gecko skeleton (Crypt:2)
  An orc zombie (Crypt:2)
  A quokka simulacrum (D:3)
  2 quokka skeletons (D:3)
  6 rats
  A rat skeleton (Crypt:2)
  A plant (Swamp:2)
1654 creatures vanquished.

Vanquished Creatures (collateral kills)
  A juggernaut (Depths:3)
  An ancient lich (Crypt:2)
  2 golden dragons
  Saint Roka (Depths:1)
  A curse toe (Zot:3)
  A rockslime (Depths:3)
  A hellephant (Zot:3)
  An electric golem (Zot:4)
  4 Orb Guardians (Zot:5)
  A deep elf master archer (Elf:3)
  A quicksilver dragon (Zot:5)
  A deep elf blademaster (Elf:3)
  A sphinx (Depths:3)
  An ancient champion (Vaults:1)
  4 storm dragons
  A thorn hunter (Swamp:3)
  Donald (Swamp:1)
  2 frost giants (Depths:2)
  2 draconian monks
  The ghost of yrara the Bludgeoner, an adept DsFi of Gozag (Spider:2)
  2 fire giants
  A draconian knight (Zot:2)
  2 ghost moths (Spider:3)
  2 deep elf sorcerers (Elf:3)
  An orc warlord (Orc)
  Louise (Swamp:1)
  An emperor scorpion (Spider:2)
  5 stone giants
  2 spriggan defenders (Depths:1)
  5 very ugly things
  A purple draconian (Zot:1)
  A yellow draconian (Zot:3)
  An entropy weaver (Gauntlet)
  A white draconian (Zot:2)
  4 spark wasps
  A deep elf demonologist (Vaults:2)
  3 deep elf annihilators (Elf:3)
  A dire elephant (Vaults:1)
  A red draconian (Zot:4)
  An ettin (D:11)
  2 deep elf death magi
  A jiangshi (Crypt:2)
  2 fire dragons
  3 deep elf high priests (Elf:3)
  5 hydras
  A yaktaur captain (D:12)
  A rakshasa (Vaults:1)
  4 spriggan air magi
  A centaur warrior (D:12)
  A queen ant (Depths:5)
  A death ooze (Slime:5)
  A deep troll shaman (Depths:3)
  An ogre mage (Vaults:1)
  14 death yaks
  3 two-headed ogres (Vaults:1)
  4 dancing weapons (Elf:2)
  A tengu warrior (Depths:2)
  2 deep troll earth magi
  An orc high priest (Orc)
  3 spriggan berserkers
  Sonja (D:10)
  5 deep trolls
  6 deep elf knights
  A goliath frog (Swamp:1)
  4 hell knights
  An iron troll (D:11)
  An unseen horror (D:11)
  3 skeletal warriors (D:12)
  A wizard (D:11)
  An orc knight (Orc)
  5 necromancers
  2 wolf spiders (Spider:2)
  6 ugly things
  12 deep elf magi
  9 slime creatures
  An orc sorcerer (Orc)
  A frost giant skeleton (Vaults:1)
  6 elephants
  3 moths of wrath (Zot:4)
  A black mamba (Lair:5)
  A cane toad (Lair:4)
  2 centaur skeletons (D:10)
  A cane toad (shapeshifter) (Depths:2)
  A yaktaur zombie (Vaults:1)
  A torpor snail (Lair:4)
  5 komodo dragons
  A yaktaur (Depths:2)
  5 demonic crawlers
  A human zombie (Vaults:1)
  An ice devil (Zot:5)
  A troll (Orc)
  2 golden dragon simulacra (IceCv)
  A troll (shapeshifter) (Vaults:1)
  A jumping spider (Spider:2)
  8 hornets
  2 tyrant leeches (Swamp:1)
  2 polar bears
  7 blink frogs
  A bog body (Swamp:3)
  A hippogriff (Lair:4)
  2 spriggans (Swamp:1)
  3 water elementals
  7 redbacks
  A wraith (D:8)
  2 tarantellas
  A shadow (D:8)
  A wyvern (D:11)
  A hog (D:8)
  4 humans
  13 yaks
  A vampire (D:8)
  2 basilisks
  2 hungry ghosts (D:11)
  2 vampire mosquitoes (Swamp:1)
  A warg (Orc)
  An acid dragon (D:6)
  2 crocodiles
  3 hell hounds (Depths:4)
  A swamp drake (Swamp:1)
  A porcupine (Lair:3)
  5 orc warriors
  5 ice beasts
  4 wolves
  A centaur (D:10)
  4 bullfrogs
  A human simulacrum (Vaults:1)
  An electric eel (Elf:3)
  3 wights (D:10)
  2 orc priests
  A hound (D:10)
  A bullfrog skeleton (D:8)
  A human skeleton (Crypt:2)
  5 orc wizards
  A worker ant (D:10)
  A hound skeleton (D:8)
  A gnoll (D:11)
  An adder (D:9)
  10 orcs
  4 butterflies (Lair:2)
  12 fungi
  2 plants (Lair:5)
350 creatures vanquished.

Vanquished Creatures (others)
  Saint Roka (Depths:2)
  3 orc warlords
  A frost giant (Depths:5)
  A fire giant (Depths:5)
  Urug (Depths:2)
  9 stone giants
  An emperor scorpion (Spider:3)
  A yellow draconian (Zot:3)
  A spark wasp (Spider:3)
  A merfolk javelineer (Depths:2)
  2 yaktaur captains
  2 orc high priests
  A centaur warrior (Vaults:2)
  17 orc knights
  4 orc sorcerers
  26 orc warriors
  A deep elf archer (Vaults:1)
  A cyclops (Vaults:1)
  A wolf spider (Spider:3)
  A deep elf mage (Elf:1)
  A komodo dragon (Lair:3)
  7 yaktaurs
  A hornet (Spider:3)
  22 orc priests
  A spriggan (Swamp:1)
  A swamp drake (Swamp:2)
  2 slaves (D:4)
  An ogre (D:4)
  A jelly (D:4)
  26 orc wizards
  A bullfrog skeleton (D:4)
  Robin (D:4)
  An adder (D:4)
  An ooze (D:4)
  An adder skeleton (D:3)
  A leopard gecko (D:4)
  60 orcs
  A goblin (D:4)
  2 hobgoblins (D:4)
  A frilled lizard (D:3)
  A quokka skeleton (D:4)
  11 fungi
  10 plants
231 creatures vanquished.

Grand Total: 2235 creatures vanquished

Notes
Turn   | Place    | Note
-------+----------+-------------------------------------------
     0 | D:1      | zoran the Hill Orc Warper began the quest for the Orb.
     0 | D:1      | Reached XP level 1. HP: 16/16 MP: 3/3
   214 | D:1      | Reached XP level 2. HP: 23/24 MP: 5/5
   572 | D:1      | Reached skill level 1 in Armour
   897 | D:1      | Reached XP level 3. HP: 29/29 MP: 6/6
  1400 | D:2      | Found a sacrificial altar of Ru.
  1519 | D:2      | Reached XP level 4. HP: 29/36 MP: 7/7
  1964 | D:2      | Found a glowing silver altar of Zin.
  1964 | D:2      | Found a snail-covered altar of Cheibriados.
  2265 | D:2      | Found a runed door.
  2270 | D:2      | Noticed Crazy Yiuf
  2594 | D:2      | Killed Crazy Yiuf
  2595 | D:2      | Reached XP level 5. HP: 17/41 MP: 6/8
  2730 | D:3      | Became a worshipper of Beogh the Brigand
  2849 | D:3      | Reached skill level 1 in Invocations
  2947 | D:3      | Found an iron altar of Okawaru.
  3039 | D:3      | Found a runed translucent gate.
  3039 | D:3      | Found a runed translucent gate.
  3039 | D:3      | Found a runed translucent gate.
  3064 | D:3      | Reached skill level 2 in Invocations
  3064 | D:3      | Reached XP level 6. HP: 45/50 MP: 9/9
  3092 | D:3      | Noticed Quickbrownfox's ghost (weakling EnAc)
  3119 | D:3      | Reached * piety under Beogh
  3523 | D:4      | Noticed Duvessa
  3528 | D:4      | Noticed Dowan
  3610 | D:3      | Reached skill level 3 in Invocations
  3878 | D:3      | Reached skill level 4 in Invocations
  3878 | D:3      | Reached XP level 7. HP: 26/57 MP: 10/10
  3988 | D:4      | Noticed Pikel
  4032 | D:4      | Killed Pikel
  4033 | D:4      | Reached skill level 5 in Throwing
  4033 | D:4      | Reached skill level 5 in Invocations
  4033 | D:4      | Reached XP level 8. HP: 42/66 MP: 11/11
  4102 | D:4      | Found Waasot's Antique Armour Shoppe.
  4270 | D:4      | Noticed Robin
  4406 | D:4      | Killed Robin
  4435 | D:4      | Reached skill level 5 in Armour
  4494 | D:5      | Entered Level 5 of the Dungeon
  4801 | D:5      | Found a runed translucent door.
  4801 | D:5      | Noticed yrara's ghost (novice DsFi)
  4840 | D:5      | Found a shattered altar of Ashenzari.
  5279 | D:5      | Noticed Ijyb
  5292 | D:5      | Killed Ijyb
  5405 | D:5      | Reached skill level 5 in Fighting
  5405 | D:5      | Reached skill level 5 in Translocations
  5405 | D:5      | Reached skill level 1 in Stealth
  5405 | D:5      | Reached XP level 9. HP: 40/74 MP: 12/12
  5740 | D:6      | Reached ** piety under Beogh
  5919 | D:6      | Noticed Menkaure
  5936 | D:6      | Killed Menkaure
  6624 | D:4      | Noticed Dowan
  6624 | D:4      | Dowan changed into Dowan the howler monkey
  6638 | D:4      | Killed Dowan the howler monkey
  6798 | D:4      | Killed Duvessa
  7545 | D:7      | Noticed a green ugly thing
  7589 | D:7      | Found a staircase to the Ecumenical Temple.
  7594 | Temple   | Entered the Ecumenical Temple
  7900 | D:7      | Reached XP level 10. HP: 81/83 MP: 13/13
  7979 | D:7      | Found Igupt's Magic Scroll Shop.
  7989 | D:7      | Bought a scroll of fog for 26 gold pieces
  7989 | D:7      | Bought a scroll of fear for 65 gold pieces
  7989 | D:7      | Bought a scroll of noise for 13 gold pieces
  7989 | D:7      | Bought a scroll of identify for 26 gold pieces
  7989 | D:7      | Bought a scroll of identify for 26 gold pieces
  7989 | D:7      | Bought 3 scrolls of magic mapping for 136 gold pieces
  7989 | D:7      | Bought a scroll of teleportation for 39 gold pieces
  7989 | D:7      | Bought a scroll of blinking for 97 gold pieces
  8013 | D:7      | Reached *** piety under Beogh
  8083 | D:7      | Killed a green ugly thing
  9009 | D:8      | Reached skill level 10 in Armour
 10011 | D:8      | Found Mephah's Jewellery Emporium.
 10471 | D:9      | Reached skill level 1 in Evocations
 10769 | D:9      | Reached XP level 11. HP: 60/94 MP: 15/15
 10871 | D:9      | Found a staircase to the Lair.
 11087 | D:9      | Noticed a two-headed ogre
 11130 | D:9      | Killed a two-headed ogre
 11243 | D:9      | Reached **** piety under Beogh
 11395 | D:9      | Noticed Harold
 11403 | D:9      | Killed Harold
 11570 | D:9      | Found a burning altar of Makhleb.
 11778 | Lair:1   | Entered Level 1 of the Lair of Beasts
 12138 | Lair:1   | Reached skill level 5 in Spellcasting
 12559 | Lair:2   | Reached skill level 5 in Evocations
 12769 | Lair:2   | Noticed Urug
 12810 | Lair:3   | Reached XP level 12. HP: 93/101 MP: 19/19
 12920 | D:10     | Entered Level 10 of the Dungeon
 12920 | D:10     | Noticed Sonja
 12930 | D:10     | Killed Sonja
 13129 | D:10     | Noticed a centaur warrior
 13133 | D:10     | Noticed a centaur warrior
 13136 | D:10     | Noticed a seven-headed hydra
 13146 | D:10     | Reached skill level 6 in Invocations
 13182 | D:10     | Noticed a catoblepas
 13242 | D:10     | Killed a catoblepas
 13387 | D:10     | Killed a centaur warrior
 13387 | D:10     | Reached ***** piety under Beogh
 13393 | D:10     | Reached skill level 7 in Invocations
 13807 | D:10     | Learned a level 2 spell: Blink
 13811 | D:10     | Learned a level 3 spell: Portal Projectile
 14030 | D:10     | Killed a centaur warrior
 14031 | D:10     | Reached skill level 8 in Invocations
 14348 | D:10     | Killed a seven-headed hydra
 14349 | D:10     | Reached XP level 13. HP: 42/111 MP: 20/20
 14535 | D:10     | Got a steaming iron ring
 14542 | D:10     | Identified Epnyqiaxt's Handbook of Shifting Poisoning
 14841 | D:10     | Identified the ring of Umihaw {Ice +Inv SInv Stlth-} (You
                  | found it on level 10 of the Dungeon)
 14884 | D:11     | Found a staircase to the Orcish Mines.
 14887 | D:11     | Reached skill level 9 in Invocations
 14925 | D:11     | Noticed an ettin
 14935 | D:11     | Killed an ettin
 15006 | D:11     | Found a gate to the Vaults.
 15039 | D:11     | Noticed Psyche
 15046 | D:11     | Killed Psyche
 15050 | D:11     | Got a steaming platinum ring
 15051 | D:11     | Identified the ring "Arhol" {rPois Str+4 Dex+6} (You found
                  | it on level 11 of the Dungeon)
 15784 | D:11     | Reached skill level 10 in Invocations
 16015 | D:12     | Entered Level 12 of the Dungeon
 16015 | D:12     | Found Zorch's Book Shoppe.
 16265 | D:12     | Reached skill level 10 in Fighting
 16265 | D:12     | Reached skill level 10 in Translocations
 16437 | D:12     | Gained Borgk as an ally
 16459 | D:12     | Reached skill level 10 in Throwing
 16617 | D:12     | Found Mih Odghaoka's Gadget Boutique.
 16754 | D:12     | Found Pini Xeol's General Store.
 17242 | D:12     | Found a staircase to the Depths.
 17242 | D:12     | Noticed a yaktaur captain
 17250 | D:12     | Killed a yaktaur captain
 17251 | D:12     | Reached XP level 14. HP: 72/121 MP: 21/21
 17482 | Vaults:1 | Entered Level 1 of the Vaults
 17482 | Vaults:1 | Noticed a stone giant
 17500 | Vaults:1 | Your ally Borgk died
 18738 | Lair:3   | Found a staircase to the Swamp.
 19289 | Lair:3   | Gained Horkud as an ally
 19395 | Lair:4   | Reached skill level 10 in Evocations
 19511 | Lair:4   | Got a smoking ring mail
 19579 | Lair:4   | Found a hole to the Spider Nest.
 19962 | Lair:5   | Reached ****** piety under Beogh
 20150 | Lair:5   | Got a fading spear
 20474 | Lair:2   | Killed Urug
 21244 | Lair:6   | Entered Level 6 of the Lair of Beasts
 21325 | Lair:6   | Reached XP level 15. HP: 69/126 MP: 17/22
 21430 | Lair:6   | Found a gate leading to a gauntlet.
 21430 | Lair:6   | Found a staircase to the Slime Pits.
 21430 | Lair:6   | Found a viscous altar of Jiyva.
 21611 | Gauntlet | Entered a Gauntlet
 21611 | Gauntlet | Found a transporter.
 21611 | Gauntlet | Found a transporter.
 21628 | Gauntlet | Found a transporter.
 21630 | Gauntlet | Found a transporter.
 21640 | Gauntlet | Found a transporter.
 21644 | Gauntlet | Found a transporter.
 21654 | Gauntlet | Found a transporter.
 21675 | Gauntlet | Found a transporter.
 21692 | Gauntlet | Found a transporter.
 21696 | Gauntlet | Found a transporter.
 21706 | Gauntlet | Found a transporter.
 21710 | Gauntlet | Found a transporter.
 21979 | Gauntlet | Got a transparent lapis lazuli ring
 21991 | Gauntlet | Got a twitching granite ring
 22082 | Gauntlet | Identified the Guide on the Helpful Voyage
 23426 | Lair:6   | Identified the ring of Lofon {rElec rPois Str+6 Slay-4}
                  | (You found it in a Gauntlet)
 24798 | D:7      | Bought 3 scrolls of silence for 292 gold pieces
 24812 | D:7      | Identified the +3 ring mail of Gluttony {rPois Str+4 Dex+4}
                  | (You found it on level 4 of the Lair of Beasts)
 24822 | D:7      | Identified the +7 spear of Cheese {pain, rPois rC- rN++
                  | Dex+3} (You found it on level 5 of the Lair of Beasts)
 24824 | D:7      | Identified the cursed ring "Zoajeygg" {MR+++ Int+3 Dex-3}
                  | (You found it in a Gauntlet)
 25150 | Spider:1 | Entered Level 1 of the Spider Nest
 25173 | Spider:1 | Reached skill level 1 in Shields
 25649 | Spider:1 | Reached skill level 15 in Throwing
 26423 | Spider:1 | Reached skill level 5 in Shields
 26657 | Spider:1 | Found a runed translucent door.
 26657 | Spider:1 | Noticed Corvi's ghost (adept TrMA)
 26758 | Spider:1 | Noticed a ghost moth
 26767 | Spider:1 | Killed a ghost moth
 27079 | Spider:2 | Noticed a ghost moth
 27095 | Spider:2 | Killed a ghost moth
 27566 | Spider:2 | Reached XP level 16. HP: 134/134 MP: 17/23
 28005 | Spider:2 | Found a runed translucent door.
 28689 | Spider:2 | Noticed yrara's ghost (adept DsFi)
 28898 | Spider:2 | Killed yrara's ghost
 29160 | Spider:3 | Entered Level 3 of the Spider Nest
 30467 | Spider:3 | Learned a level 3 spell: Beckoning
 30723 | Spider:3 | Gained mutation: Your magical capacity is low. (-10% MP)
                  | [potion of mutation]
 30723 | Spider:3 | Gained mutation: You are partially covered in thin metallic
                  | scales. (AC +2) [potion of mutation]
 30723 | Spider:3 | Gained mutation: You are partially covered in rugged brown
                  | scales. (AC +1, +3% HP) [potion of mutation]
 31919 | Spider:3 | Got a gossamer rune of Zot
 32148 | Swamp:1  | Entered Level 1 of the Swamp
 32197 | Swamp:1  | Found a frozen archway.
 32247 | IceCv    | Entered an ice cave
 32311 | IceCv    | Reached XP level 17. HP: 84/150 MP: 7/24
 32636 | IceCv    | Gained Dorog as an ally
 32646 | IceCv    | Your ally Dorog died
 34288 | Swamp:2  | Noticed Donald
 34300 | Swamp:1  | Killed Donald
 34955 | Swamp:2  | Noticed Nikola
 35153 | Swamp:2  | Killed Nikola
 35323 | Swamp:2  | Noticed Louise
 35491 | Swamp:1  | Killed Louise
 35953 | Swamp:3  | Entered Level 3 of the Swamp
 36383 | Swamp:3  | Learned a level 3 spell: Mephitic Cloud
 36593 | Swamp:3  | Reached skill level 1 in Conjurations
 36827 | Swamp:3  | Reached skill level 1 in Poison Magic
 36952 | Swamp:3  | Reached skill level 1 in Air Magic
 37194 | Swamp:3  | Reached XP level 18. HP: 135/158 MP: 21/25
 37502 | Swamp:3  | Reached skill level 5 in Conjurations
 37665 | Swamp:3  | Reached skill level 5 in Dodging
 37859 | Swamp:3  | Got a decaying rune of Zot
 38637 | Lair:5   | Identified a scroll of acquirement {pickup}
 38639 | Lair:5   | Identified the amulet of Detz {RegenMP rN+ Int+4 Stlth-}
                  | (You acquired it on level 5 of the Lair of Beasts)
 39154 | Lair:2   | Identified the cursed +0 robe of Diumau Otea {Dex+2 Stlth+}
 40952 | Vaults:1 | Found a staircase to the Crypt.
 41245 | Vaults:1 | Found Hoajiug's Jewellery Emporium.
 41301 | Vaults:1 | Found Rodagomp's Magic Scroll Shop.
 41456 | Vaults:1 | Bought a scroll of immolation for 70 gold pieces
 41844 | Vaults:1 | Found Mauckek's Armour Emporium.
 41853 | Vaults:1 | Bought the +14 plate armour "Eseff" {rPois MR++ Str+4} for
                  | 2059 gold pieces
 41911 | Vaults:1 | Reached skill level 15 in Fighting
 41911 | Vaults:1 | Reached XP level 19. HP: 158/175 MP: 13/26
 43984 | Vaults:2 | Identified the +2 plate armour "Noskos" {rN+ Str-4 Dex+4}
 44024 | Vaults:2 | Found Ycvoofao's Armour Boutique.
 45336 | Orc      | Entered the Orcish Mines
 45614 | Orc      | Found a roughly hewn altar of Beogh.
 45621 | Orc      | Found Ekaj's Distillery.
 45632 | Orc      | Bought a potion of curing for 37 gold pieces
 45632 | Orc      | Bought 2 potions of curing for 75 gold pieces
 45632 | Orc      | Bought a potion of curing for 37 gold pieces
 45632 | Orc      | Bought a potion of curing for 37 gold pieces
 45736 | Orc      | Found a staircase to the Elven Halls.
 45862 | Orc      | Found a roughly hewn altar of Beogh.
 45977 | Orc      | Found Ditwawni's Antique Armour Boutique.
 45978 | Orc      | Found a roughly hewn altar of Beogh.
 45991 | Orc      | Found Sizipach's Antique Weapon Shop.
 45993 | Orc      | Gained Margrim as an ally
 46001 | Orc      | Reached skill level 11 in Invocations
 46185 | Orc      | Gained Borgun as an ally
 46249 | Orc      | Found a roughly hewn altar of Beogh.
 46259 | Orc      | Found Taegut's Magic Scroll Shop.
 46264 | Orc      | Bought 3 scrolls of vulnerability for 247 gold pieces
 46264 | Orc      | Bought a scroll of fear for 55 gold pieces
 46297 | Orc      | Found a roughly hewn altar of Beogh.
 46373 | Orc      | Bought a shiny medium shield for 255 gold pieces
 47095 | Elf:1    | Entered Level 1 of the Elven Halls
 47105 | Elf:1    | Reached skill level 10 in Conjurations
 47886 | Elf:1    | Reached skill level 5 in Stealth
 48799 | Elf:1    | Found Oluzeh's Distillery.
 48802 | Elf:1    | Bought a potion of brilliance for 48 gold pieces
 48802 | Elf:1    | Bought a potion of heal wounds for 60 gold pieces
 49043 | Elf:2    | Reached skill level 12 in Invocations
 49093 | Elf:2    | Reached XP level 20. HP: 179/183 MP: 4/27
 49606 | Elf:2    | Reached skill level 10 in Shields
 49677 | Elf:2    | Found Eberch's Jewellery Emporium.
 49677 | Elf:2    | Found Jass's Gadget Boutique.
 49678 | Elf:2    | Found Xiumn's Jewellery Emporium.
 50031 | Elf:2    | Found Xata's Antique Weapon Shop.
 50086 | Elf:2    | Lost mutation: Your magical capacity is low. (-10% MP)
                  | [potion of mutation]
 50086 | Elf:2    | Lost mutation: You are partially covered in rugged brown
                  | scales. (AC +1, +3% HP) [potion of mutation]
 50086 | Elf:2    | Gained mutation: You are frail. (-10% HP) [potion of
                  | mutation]
 50086 | Elf:2    | Gained mutation: Scrolls take you a little longer to read.
                  | [potion of mutation]
 50086 | Elf:2    | Gained mutation: You are dopey. (Int -2) [potion of
                  | mutation]
 50086 | Elf:2    | Gained mutation: You possess an exceptional clarity of
                  | mind. [potion of mutation]
 50087 | Elf:2    | Lost mutation: You are frail. (-10% HP) [potion of
                  | mutation]
 50087 | Elf:2    | Lost mutation: Scrolls take you a little longer to read.
                  | [potion of mutation]
 50087 | Elf:2    | Gained mutation: You are weak. (Str -2) [potion of
                  | mutation]
 50087 | Elf:2    | Gained mutation: You can translocate small distances at
                  | will. [potion of mutation]
 50187 | Elf:2    | Found a runed gate.
 50188 | Elf:2    | Found a runed gate.
 50188 | Elf:2    | Found a runed gate.
 50463 | Elf:2    | Reached skill level 13 in Invocations
 51345 | Elf:3    | Entered Level 3 of the Elven Halls
 51881 | Elf:3    | Found a runed door.
 51925 | Elf:3    | Reached skill level 14 in Invocations
 52277 | Elf:3    | Gained Boruk as an ally
 52632 | Elf:3    | Identified the ring of False Pretenses {Ice *Drain Int+2
                  | Slay+2}
 52649 | Elf:3    | Your ally Boruk died
 52700 | Elf:3    | Reached skill level 15 in Invocations
 52862 | Elf:3    | Gained Learuk as an ally
 52867 | Elf:3    | Your ally Learuk died
 52958 | Elf:3    | Identified the cursed +2 scimitar "Hell-Harrower" {freeze,
                  | rF- Str+5}
 53349 | Elf:3    | Reached XP level 21. HP: 184/184 MP: 14/32
 53801 | Elf:3    | Identified the +2 robe of Satisfaction {-Cast +Blink MR-
                  | Int+8}
 54637 | Elf:3    | Identified the cursed +1 hand axe of Balance {chop, Dex+5
                  | SInv}
 54919 | Elf:3    | Identified the Handbook of Poisonous Shape Shifting
 55945 | D:12     | Bought a wand of paralysis (11) for 156 gold pieces
 55945 | D:12     | Bought a wand of paralysis (12) for 169 gold pieces
 56290 | Depths:1 | Entered Level 1 of the Depths
 56290 | Depths:1 | Found a gateway to a ziggurat.
 56776 | Depths:1 | Found a gateway to Hell.
 57023 | Depths:1 | Reached skill level 15 in Shields
 57100 | Depths:1 | Noticed Saint Roka
 57119 | Depths:1 | Killed Saint Roka
 57125 | Depths:1 | Gained Herok as an ally
 57496 | Depths:1 | Found a sparkling altar of Nemelex Xobeh.
 58661 | Depths:2 | Identified the +11 hunting sling of Upom Yts {elec, Dex+3}
 58713 | Depths:2 | Found a one-way gate to the infinite horrors of the Abyss.
 59074 | Depths:2 | Found a one-way gate leading to the halls of Pandemonium.
 59561 | Depths:2 | Noticed a caustic shrike
 59567 | Depths:2 | Your ally Horkud died
 59575 | Depths:2 | Your ally Herok died
 59593 | Depths:2 | Your ally died
 59626 | Depths:2 | Your ally died
 59826 | Depths:2 | Found a runed gate.
 59826 | Depths:2 | Found a runed gate.
 59826 | Depths:2 | Found a runed gate.
 59826 | Depths:2 | Found a runed gate.
 60251 | Depths:2 | Found a runed gate.
 60251 | Depths:2 | Found a runed gate.
 60838 | Depths:3 | Reached XP level 22. HP: 144/192 MP: 33/33
 61964 | Depths:3 | Found a transporter.
 61967 | Depths:3 | Noticed Baz's ghost (adept EnGl)
 61969 | Depths:3 | Noticed a caustic shrike
 61972 | Depths:3 | Noticed a caustic shrike
 62011 | Depths:3 | Lost mutation: You possess an exceptional clarity of mind.
                  | [potion of mutation]
 62011 | Depths:3 | Lost mutation: You are weak. (Str -2) [potion of mutation]
 62011 | Depths:3 | Lost mutation: You are dopey. (Int -2) [potion of mutation]
 62011 | Depths:3 | Gained mutation: You have sharp toenails. [potion of
                  | mutation]
 62011 | Depths:3 | Gained mutation: Your magical capacity is low. (-10% MP)
                  | [potion of mutation]
 62011 | Depths:3 | Gained mutation: Your flesh is heat resistant. (rF+)
                  | [potion of mutation]
 62205 | Depths:3 | Found a transporter.
 62665 | Depths:3 | Noticed a rockslime
 62716 | Depths:3 | Killed a rockslime
 62717 | Depths:3 | Reached skill level 16 in Invocations
 62892 | Depths:3 | Noticed a juggernaut
 62920 | Depths:3 | Killed a juggernaut
 62954 | Depths:3 | Gained Wardok as an ally
 62965 | Depths:3 | Noticed a caustic shrike
 62966 | Depths:3 | a caustic shrike changed into an iron giant
 62970 | Depths:3 | Identified a ring "Asyamaih" {rElec Dex+4}
 62975 | Depths:3 | Reached skill level 15 in Evocations
 62976 | Depths:3 | Reached skill level 17 in Invocations
 63111 | Depths:3 | Gained Olfik as an ally
 63211 | Depths:3 | Your ally Wardok died
 63250 | Depths:3 | Noticed a Killer Klown
 63252 | Depths:3 | Noticed a caustic shrike
 63262 | Depths:3 | Killed a caustic shrike
 63286 | Depths:3 | Your ally Olfik died
 63287 | Depths:3 | Killed a Killer Klown
 63288 | Depths:3 | Reached skill level 18 in Invocations
 63571 | Depths:3 | Reached skill level 19 in Invocations
 63796 | Depths:3 | Noticed a golden dragon
 63830 | Depths:3 | Killed a golden dragon
 63831 | Depths:3 | Reached XP level 23. HP: 114/199 MP: 31/32
 63971 | Depths:3 | Gained Bogward as an ally
 63986 | Depths:3 | Identified the amulet "Memox" {Faith +Blink rC+}
 64217 | Depths:3 | Reached skill level 20 in Invocations
 64358 | Depths:3 | Noticed a juggernaut
 64370 | Depths:3 | Killed a juggernaut
 64632 | Depths:4 | Your ally Bogward died
 64710 | Depths:4 | Found a runed gate.
 64719 | Depths:4 | Found a runed gate.
 64723 | Depths:4 | Found a runed gate.
 64777 | Depths:4 | Reached skill level 21 in Invocations
 64980 | Depths:4 | Found a runed gate.
 64985 | Depths:4 | Found a runed gate.
 64986 | Depths:4 | Found a runed gate.
 65076 | Depths:4 | Gained Milork as an ally
 65272 | Depths:4 | Found a runed gate.
 65272 | Depths:4 | Found a runed gate.
 65272 | Depths:4 | Found a runed gate.
 65321 | Depths:4 | Your ally Milork died
 65325 | Depths:4 | Found a runed gate.
 65450 | Depths:4 | Found a runed gate.
 65450 | Depths:4 | Found a runed gate.
 65684 | Depths:5 | Entered Level 5 of the Depths
 66044 | Depths:5 | Identified the +9 war axe "Togg" {antimagic, *Corrode rC+++
                  | Stlth+}
 66163 | Depths:4 | Reached skill level 22 in Invocations
 66249 | Depths:5 | Identified the +3 leather armour of Opnuxuasul {MP+9}
 66314 | Depths:5 | Noticed a golden dragon
 66343 | Depths:5 | Killed a golden dragon
 66531 | Depths:5 | Noticed a golden dragon
 66726 | Depths:4 | Reached skill level 15 in Armour
 66729 | Depths:4 | Reached XP level 24. HP: 95/207 MP: 34/34
 67180 | Depths:5 | Your ally Borgun died
 67529 | Depths:5 | Noticed a golden dragon
 67618 | Depths:4 | Killed a golden dragon
 67768 | Depths:5 | Noticed a juggernaut
 67782 | Depths:5 | Killed a juggernaut
 67806 | Depths:5 | Killed a golden dragon
 68231 | Depths:5 | Paralysed by the power of Zot for 2 turns
 68322 | Depths:5 | Found a gate to the Realm of Zot.
 69072 | Slime:1  | Entered Level 1 of the Pits of Slime
 69942 | Slime:1  | Gained Gorg as an ally
 70229 | Slime:3  | Your ally Gorg died
 70853 | Slime:3  | Gained Harm as an ally
 71009 | Slime:2  | Your ally Harm died
 71123 | Slime:2  | Paralysed by a floating eye for 3 turns
 72184 | Slime:5  | Entered Level 5 of the Pits of Slime
 72359 | Slime:5  | Noticed the Royal Jelly
 72412 | Slime:5  | Reached XP level 25. HP: 200/224 MP: 28/34
 72788 | Slime:5  | Reached skill level 23 in Invocations
 72942 | Slime:5  | Found a viscous altar of Jiyva.
 72946 | Slime:5  | Found the +1 pair of gauntlets of War {Slay+6}
 74281 | Orc      | Bought a potion of might for 60 gold pieces
 74281 | Orc      | Bought a potion of might for 60 gold pieces
 74281 | Orc      | Bought 2 potions of heal wounds for 150 gold pieces
 74281 | Orc      | Bought a potion of agility for 60 gold pieces
 74281 | Orc      | Bought a potion of agility for 60 gold pieces
 74450 | Vaults:1 | Bought the cursed +0 plate armour of the Equator {rN++} for
                  | 675 gold pieces
 74530 | Crypt:1  | Entered Level 1 of the Crypt
 75309 | Crypt:1  | Reached skill level 24 in Invocations
 75562 | Crypt:2  | Entered Level 2 of the Crypt
 75735 | Crypt:2  | Paralysed by a lich for 2 turns
 75883 | Crypt:2  | Identified the ring of Rurchal {Fire rElec}
 75975 | Crypt:2  | Gained Agrik as an ally
 75977 | Crypt:2  | Your ally Agrik died
 76435 | Crypt:2  | Reached skill level 25 in Invocations
 76586 | Crypt:2  | Found an ancient bone altar of Kikubaaqudgha.
 76722 | Crypt:2  | Found a staircase to the Tomb.
 76817 | Crypt:2  | Identified the ring "Zekkeev" {rN+ MR+++ Dex+7}
 77005 | Crypt:2  | Found a shimmering altar of Xom.
 77044 | Crypt:2  | Identified the ring "Muaforuq" {rC+ rN+ Int+4}
 77527 | Crypt:2  | Noticed an ancient lich
 77545 | Crypt:2  | Killed an ancient lich
 77885 | Crypt:2  | Reached XP level 26. HP: 232/232 MP: 29/35
 78354 | D:12     | Bought a potion of heal wounds for 60 gold pieces
 78354 | D:12     | Bought a ration for 60 gold pieces
 78354 | D:12     | Bought a ration for 60 gold pieces
 78617 | Spider:1 | Killed Corvi's ghost
 78898 | Slime:5  | Killed the Royal Jelly
 79368 | Slime:5  | Identified a ring "Souwk" {rElec rPois rC+}
 79371 | Slime:5  | Identified the +6 quarterstaff of Xom's Displeasure {vamp,
                  | Int+4}
 79404 | Slime:5  | Identified the +11 great mace of Wonderful Defence {flame,
                  | rN+ Dex+6}
 79451 | Slime:5  | Got a slimy rune of Zot
 79851 | D:3      | Killed Quickbrownfox's ghost
 80569 | D:8      | Bought the ring "Kogutt" {rElec rF+ rC+ Int+6 Stlth-} for
                  | 858 gold pieces
 80853 | Zot:1    | Entered Level 1 of the Realm of Zot
 80860 | Zot:1    | Noticed a golden dragon
 80875 | Zot:1    | Killed a golden dragon
 82014 | Zot:1    | Noticed a golden dragon
 82032 | Zot:1    | Killed a golden dragon
 82425 | Zot:2    | Noticed a golden dragon
 82444 | Zot:2    | Killed a golden dragon
 82842 | Zot:2    | Reached skill level 10 in Dodging
 83167 | Zot:2    | Noticed a golden dragon
 83194 | Zot:2    | Killed a golden dragon
 83625 | Zot:3    | Noticed a golden dragon
 83636 | Zot:3    | Killed a golden dragon
 83749 | Zot:3    | Gained Hilgar as an ally
 83845 | Zot:3    | Reached XP level 27. HP: 56/238 MP: 30/35
 84118 | Zot:3    | Noticed a Killer Klown
 84127 | Zot:3    | Killed a Killer Klown
 84178 | Zot:3    | Gained Bogdar as an ally
 84178 | Zot:3    | Your ally Hilgar died
 85491 | Zot:4    | Gained Grimold as an ally
 85683 | Zot:4    | Noticed a Killer Klown
 85701 | Zot:4    | Killed a Killer Klown
 85702 | Zot:4    | Reached skill level 26 in Invocations
 86502 | Zot:4    | Reached skill level 27 in Invocations
 86557 | Zot:4    | Your ally Grimold died
 86830 | Zot:5    | Entered Level 5 of the Realm of Zot
 87304 | Zot:5    | Noticed an orb of fire
 87316 | Zot:5    | Killed an orb of fire
 87341 | Zot:5    | Noticed a Killer Klown
 87360 | Zot:5    | Killed a Killer Klown
 87522 | Zot:5    | Noticed an orb of fire
 87530 | Zot:5    | Gained mutation: You are weak. (Str -2) [an orb of fire]
 87544 | Zot:5    | Gained mutation: Armour fits poorly on your strangely
                  | shaped body. [an orb of fire]
 87546 | Zot:5    | Gained mutation: You are frail. (-10% HP) [an orb of fire]
 87564 | Zot:4    | Killed an orb of fire
 87763 | Zot:5    | Noticed an ancient lich
 87773 | Zot:5    | Killed an ancient lich
 87773 | Zot:5    | Noticed an ancient lich
 87788 | Zot:5    | Noticed an orb of fire
 87794 | Zot:5    | Killed an ancient lich
 87795 | Zot:5    | Gained mutation: Your magical capacity is very low. (-20%
                  | MP) [an orb of fire]
 87799 | Zot:5    | Killed an orb of fire
 88033 | Zot:5    | Noticed an ancient lich
 88074 | Zot:5    | Killed an ancient lich
 88121 | Zot:5    | Noticed an ancient lich
 88125 | Zot:5    | Killed an ancient lich
 88309 | Zot:5    | Noticed an orb of fire
 88320 | Zot:5    | Gained mutation: You are occasionally teleported next to
                  | monsters. [an orb of fire]
 88321 | Zot:5    | Killed an orb of fire
 88328 | Zot:5    | Lost mutation: You can translocate small distances at will.
                  | [potion of mutation]
 88328 | Zot:5    | Lost mutation: Your flesh is heat resistant. (rF+) [potion
                  | of mutation]
 88328 | Zot:5    | Gained mutation: You are partially covered in yellow
                  | scales. (AC +2) [potion of mutation]
 88328 | Zot:5    | Gained mutation: Your flesh is heat resistant. (rF+)
                  | [potion of mutation]
 88332 | Zot:5    | Lost mutation: You are frail. (-10% HP) [potion of
                  | mutation]
 88332 | Zot:5    | Lost mutation: You are weak. (Str -2) [potion of mutation]
 88332 | Zot:5    | Lost mutation: Your magical capacity is very low. (-20% MP)
                  | [potion of mutation]
 88332 | Zot:5    | Gained mutation: You are partially covered in rugged brown
                  | scales. (AC +1, +3% HP) [potion of mutation]
 88332 | Zot:5    | Gained mutation: Your spells are a little harder to cast,
                  | but a little more powerful. [potion of mutation]
 88333 | Zot:5    | Lost mutation: Your magical capacity is low. (-10% MP)
                  | [potion of mutation]
 88333 | Zot:5    | Gained mutation: Your body sometimes deteriorates upon
                  | taking damage. [potion of mutation]
 88333 | Zot:5    | Gained mutation: You have supernaturally acute eyesight.
                  | (SInv) [potion of mutation]
 88356 | Zot:4    | Lost mutation: You are occasionally teleported next to
                  | monsters. [potion of mutation]
 88356 | Zot:4    | Lost mutation: You have sharp toenails. [potion of
                  | mutation]
 88356 | Zot:4    | Lost mutation: Your body sometimes deteriorates upon taking
                  | damage. [potion of mutation]
 88356 | Zot:4    | Lost mutation: Your spells are a little harder to cast, but
                  | a little more powerful. [potion of mutation]
 88356 | Zot:4    | Gained mutation: Your flesh is cold resistant. (rC+)
                  | [potion of mutation]
 88356 | Zot:4    | Gained mutation: You are agile. (Dex +2) [potion of
                  | mutation]
 88511 | Zot:5    | Noticed a golden dragon
 88517 | Zot:5    | Noticed a Killer Klown
 88520 | Zot:5    | Killed a golden dragon
 88555 | Zot:5    | Killed a Killer Klown
 88618 | Zot:5    | Noticed an orb of fire
 88629 | Zot:5    | Noticed a Killer Klown
 88639 | Zot:5    | Killed an orb of fire
 88644 | Zot:5    | Killed a Killer Klown
 89345 | Zot:5    | Got the Orb of Zot
 89789 | D:7      | Noticed Uloa the pandemonium lord
 89919 | D:$      | Escaped with the Orb!

Skill      XL: |  1  2  3  4  5  6  7  8  9 10 11 12 13 14 15 16 17 18 19 20 21 22 23 24 25 26 27 |
---------------+----------------------------------------------------------------------------------+-----
Armour         | 1 2 3 4 5 8 10 11 14 15 16 19 20 | 20.0
Fighting       | 2 3 5 6 7 8 9 10 12 15 18 19 | 19.2
Dodging        | 2 4 5 7 10 | 10.0
Translocations | 3 5 8 9 10 | 10.0
Throwing       | 3 4 5 6 8 10 12 15 16 | 16.0
Invocations    | 2 4 5 8 10 12 15 19 22 25 27 | 27.0
Stealth        | 1 2 5 |  5.0
Evocations     | 2 5 6 10 13 15 | 15.0
Spellcasting   | 5 7 |  7.0
Shields        | 7 8 9 13 15 20 | 20.0
Conjurations   | 4 7 10 | 10.0
Poison Magic   | 2 3 |  3.0
Air Magic      | 1 2 |  2.0
Short Blades   | | 19.2
Long Blades    | | 19.2
Axes           | | 19.2
Maces & Flails | | 19.2
Polearms       | | 19.2
Staves         | | 19.2
Unarmed Combat | | 19.2

Action                   |  1- 3 |  4- 6 |  7- 9 | 10-12 | 13-15 | 16-18 | 19-21 | 22-24 | 25-27 || total
-------------------------+-------+-------+-------+-------+-------+-------+-------+-------+-------++-------
Melee: Dagger            |   158 |       |   139 |    95 |    29 |       |       |       |       ||   421
       Falchion          |    68 |   106 |    12 |   495 |    45 |    61 |       |       |       ||   787
       Punch             |     1 |       |     4 |    10 |    40 |       |       |       |       ||    55
       Unarmed           |       |     1 |       |       |       |       |       |       |     7 ||     8
       Quarterstaff      |       |   104 |   128 |       |       |       |       |       |       ||   232
       Whip              |       |       |   101 |    65 |       |       |       |       |       ||   166
       Trident           |       |       |       |    20 |   603 |    11 |       |       |       ||   634
       Spear             |       |       |       |       |   107 |  1060 |   276 |       |       ||  1443
       Demon trident     |       |       |       |       |       |   382 |  1532 |  1453 |  1958 ||  5325
       War axe           |       |       |       |       |       |       |       |   123 |    72 ||   195
 Fire: Blowgun           |       |    33 |    42 |    16 |    99 |    88 |    31 |     7 |     6 ||   322
Throw: Javelin           |    13 |     6 |       |    16 |    22 |    95 |    72 |   139 |   266 ||   629
       Tomahawk          |       |     6 |     5 |   140 |   105 |   238 |   108 |       |       ||   602
 Cast: Portal Projectile |       |       |       |     2 |    51 |    85 |    48 |    29 |    58 ||   273
       Apportation       |       |       |       |       |       |    14 |     4 |       |     2 ||    20
       Beckoning         |       |       |       |       |       |     8 |    35 |       |       ||    43
       Blink             |       |       |       |       |       |     1 |     5 |     2 |     3 ||    11
Invok: Convert to Beogh  |       |     1 |       |       |       |       |       |       |       ||     1
       Smiting           |       |       |       |     4 |     1 |    25 |    10 |    11 |    23 ||    74
       Recall Orcish Fol |       |       |       |     9 |    15 |    17 |    24 |     6 |     3 ||    74
       Give Item to Name |       |       |       |       |     3 |       |     5 |     1 |     1 ||    10
       Resurrection      |       |       |       |       |     1 |       |     2 |       |       ||     3
 Abil: Evoke Invisibilit |       |       |       |       |       |     2 |       |       |       ||     2
Evoke: Wand              |       |       |    14 |    10 |    40 |    46 |    13 |    20 |    24 ||   167
       Phantom mirror    |       |       |       |     1 |       |       |       |       |     1 ||     2
       Box of beasts     |       |       |       |       |       |     2 |       |       |     1 ||     3
       Phial of floods   |       |       |       |       |       |     2 |     3 |     5 |     5 ||    15
       Lamp of fire      |       |       |       |       |       |     3 |     4 |     5 |     5 ||    17
       Lightning rod     |       |       |       |       |       |       |    15 |       |     9 ||    24
       Sack of spiders   |       |       |       |       |       |       |       |     6 |     6 ||    12
  Use: Potion            |       |     1 |     1 |     2 |     8 |    10 |     8 |     9 |    18 ||    57
       Scroll            |       |     2 |     9 |    12 |     8 |    20 |    12 |     4 |    21 ||    88
 Stab: Distracted        |       |       |       |     4 |     6 |     3 |     7 |    13 |    15 ||    48
       Confused          |       |       |       |     1 |       |     2 |       |       |       ||     3
       Paralysed         |       |       |       |     1 |       |    13 |    26 |       |    10 ||    50
       Betrayed ally     |       |       |       |       |     1 |       |       |       |       ||     1
       Invisible         |       |       |       |       |       |     1 |       |       |       ||     1
  Eat: Chunk             |     7 |     9 |    20 |    36 |    33 |    41 |    39 |     9 |    39 ||   233
       Ration            |       |     2 |     3 |     3 |    10 |    12 |    17 |    16 |    18 ||    81
Armor: Leather armour    |    37 |       |       |       |       |       |       |       |       ||    37
       Robe              |     2 |       |       |       |       |       |       |       |       ||     2
       Plate armour      |   128 |   239 |   246 |       |       |   102 |   600 |   692 |   793 ||  2800
       Chain mail        |       |       |   113 |   396 |   660 |   682 |       |       |       ||  1851
       Skin              |       |       |       |    24 |       |     4 |       |       |    34 ||    62
       Ice dragon scales |       |       |       |       |       |   186 |       |       |       ||   186
Dodge: Dodged            |    90 |    49 |   143 |   206 |   344 |   425 |   144 |   181 |   291 ||  1873
Block: Other             |       |       |    12 |   114 |       |       |       |       |       ||   126
       Reflection        |       |       |       |     5 |       |    10 |    61 |    93 |    16 ||   185
       Buckler           |       |       |       |       |    87 |   560 |   129 |       |       ||   776
       Medium shield     |       |       |       |       |       |       |   755 |  1327 |  1454 ||  3536
